 Dungeon Crawl Stone Soup version 0.28-a0-1167-g616b1c6417 (webtiles) character file.

Game seed: 12639891266796021633

32 ChaosChampion the Conjurer (level 3, 0/19 HPs)
             Began as a Deep Elf Conjurer on Dec 16, 2021.
             Succumbed to an adder's poison
             ... on level 2 of the Dungeon.
             The game lasted 00:02:16 (1799 turns).

ChaosChampion the Conjurer (Deep Elf Conjurer)      Turns: 1799, Time: 00:02:17

Health: 0/19       AC:  5    Str:  4    XL:     3   Next: 10%
Magic:  0/10       EV: 12    Int: 24    God:
Gold:   88         SH:  0    Dex: 13    Spells: 7/10 levels left

rFire   . . .      SeeInvis .   (no weapon)
rCold   . . .      Faith    .   (no shield)
rNeg    . . .      Spirit   .   a - +0 robe
rPois   +          Reflect  .   (no helmet)
rElec   .          Harm     .   (no cloak)
rCorr   .          Rampage  .   b - +0 pair of gloves
Will    .....                   h - +1 pair of boots
Stlth   ++........              (no amulet)
HPRegen 0.06/turn               i - ring of poison resistance
MPRegen 0.12/turn               (no ring)

@: lethally poisoned (0 -> -6)
A: no striking features
a: no special abilities


You were on level 2 of the Dungeon.
You visited 1 branch of the dungeon, and saw 3 of its levels.

You collected 88 gold pieces.

Inventory:

Armour
 a - a +0 robe (worn)
 b - a +0 pair of gloves (worn)
 h - a +1 pair of boots (worn)
Jewellery
 i - a ring of poison resistance (left hand)
Scrolls
 d - a scroll of fear {unknown}
Potions
 c - a potion of brilliance {unknown}
 e - 2 potions of heal wounds {unknown}
 f - 2 potions of magic {unknown}
 g - a potion of curing {unknown}


   Skills:
 - Level 2.4 Dodging
 - Level 2.4 Stealth
 + Level 4.1 Spellcasting
 + Level 5.0 Conjurations


You had 7 spell levels left.
You knew the following spells:

 Your Spells              Type           Power      Damage    Failure   Level
a - Magic Dart            Conj           100%       1d8       1%          1
b - Searing Ray           Conj           58%        2d6       1%          2

Your spell library contained the following spells:

 Spells                   Type           Power      Damage    Failure   Level
 Shock                    Conj/Air       68%        1d7       3%          1
 Dazzling Flash           Conj/Hex       34%        N/A       11%         3
 Call Imp                 Summ           4%         N/A       14%         2
 Mephitic Cloud           Conj/Pois/Air  13%        N/A       14%         3
 Swiftness                Air            4%         N/A       28%         3
 Fulminant Prism          Conj/Hex       8%         3d7       34%         4
 Iskenderun's Mystic Bla  Conj/Tloc      17%        2d5       34%         4
 Airstrike                Air            2%         N/A       67%         4


Dungeon Overview and Level Annotations

Branches:
Dungeon (3/15)

Altars:
Trog


Message History

The adder bites you. The adder bites you but does no damage.
The adder completely misses you. The adder closely misses you.
The adder closely misses you. The adder bites you but does no damage.
The adder bites you. The adder bites you. The adder misses you.
The adder closely misses you. The adder bites you but does no damage.
The adder bites you.
You are poisoned.
The adder poisons you!
Casting: Searing Ray (safe; 1% risk of failure)
Confirm with . or Enter, or press ? or * to list all spells.
Aiming: Searing Ray (safe; 1% risk of failure)
Press: ? - help, Shift-Dir - straight line, f - adder
Aim: an adder (66% to hit)
The searing ray hits the adder.
The adder is lightly wounded. (Press . to maintain the ray.)
You feel sick. The adder bites you.
You are lethally poisoned!
The adder poisons you!
The searing ray hits the adder.
The adder is heavily wounded.
* * * LOW HITPOINT WARNING * * *
You feel very sick. The adder barely misses you.
Casting: Searing Ray (safe; 1% risk of failure)
Confirm with . or Enter, or press ? or * to list all spells.
Restarting spell: Searing Ray (safe; 1% risk of failure)
Press: ? - help, Shift-Dir - straight line, f/p - adder
Aim: an adder (heavily wounded, 66% to hit)
The searing ray misses the adder. (Press . to maintain the ray.)
* * * LOW HITPOINT WARNING * * *
You feel sick. The adder completely misses you.
You die...

.(.....##.....#....#####.....#...
.......##.....#....# #.....#...
..............#....# #.....#...
..............#....# #.....#...
..............##########.....#...
...........................#.####
...........................#.....
...........................######
###.............@.S..............
# ###########..............######
####............##########.#
#...............# #.#
#.##............# #.######
#<.#.############ #....... #..#.#
#......# #..#.# #......# #..#.#
#......#


You could see an adder.

Vanquished Creatures
  A worm (D:2)
  A dart slug (D:2)
  An orc (D:3)
  An endoplasm (D:1)
  A giant cockroach (D:1)
  4 goblins
  2 hobgoblins (D:2)
  A quokka (D:1)
  5 ball pythons
  3 bats (D:1)
  3 frilled lizards (D:2)
  A kobold (D:3)
  4 rats
28 creatures vanquished.

Notes
Turn   | Place    | Note
-------+----------+-------------------------------------------
     0 | D:1      | ChaosChampion the Deep Elf Conjurer began the quest for the
                  | Orb.
     0 | D:1      | Reached XP level 1. HP: 10/10 MP: 6/6
   314 | D:1      | Reached XP level 2. HP: 15/15 MP: 3/8
   364 | D:1      | Learned a level 2 spell: Searing Ray
  1251 | D:2      | Found a faded altar of an unknown god.
  1481 | D:2      | Found a bloodstained altar of Trog.
  1510 | D:2      | Reached skill level 5 in Conjurations
  1510 | D:2      | Reached XP level 3. HP: 19/19 MP: 7/10
  1799 | D:2      | Succumbed to an adder's poison

Illustrated notes

Levels and vault maps discovered:
D:1:      dpeg_arrival_chambers_temple_mockup, layout_basic
D:2:      layout_basic, basic_altar, hellmonk_ecumenical_altar_run_dry
D:3:      minmay_roachtagon, layout_loops_ring

Skill      XL: |  1  2 |
---------------+-------+-----
Spellcasting   | 4 |  4.1
Conjurations   | 5 |  5.0
Dodging        | |  2.4
Stealth        | |  2.4

Action                   || total
-------------------------++-------
Melee: Unarmed           ||     1
 Cast: Magic Dart        ||    47
       Searing Ray       ||     7
Armor: Robe              ||     7
Dodge: Dodged            ||    15

Table legend: (Time is in decaauts)
 A = Elapsed time spent in this place.
 B = Non-inter-level travel time spent in this place.
 C = Inter-level travel time spent in this place.
 D = Time resting spent in this place.
 E = Time spent auto-exploring this place.
 F = Levels seen in this place.
 G = Mean time per level.
                   A        B        C        D        E       F      G
               +--------+--------+--------+--------+--------+-----+--------+
         Total |   1798 |   1702 |     96 |      0 |   1501 |   3 |  599.3 |
       Dungeon |   1798 |   1702 |     96 |      0 |   1501 |   3 |  599.3 |
               +--------+--------+--------+--------+--------+-----+--------+

Top non-repeatable levels by time:
     D:1: 1035 daAuts
     D:2: 728 daAuts
     D:3: 34 daAuts
